 Dungeon Crawl Stone Soup version 0.29.1-12-g30fa7ad0bf (webtiles) character file.

Game seed: 4031614143855584811

42 xzight the Grasshopper (level 3, -2/31 HPs)
             Began as a Gnoll Warper on Dec 27, 2022.
             Slain by a gnoll
             ... wielding a +0 spear
              (4 damage)
             ... on level 2 of the Dungeon.
             The game lasted 00:03:14 (2330 turns).

xzight the Grasshopper (Gnoll Warper)               Turns: 2330, Time: 00:03:15

Health: -2/31      AC:  3    Str: 10    XL:     3   Next: 54%
Magic:  9/9        EV: 12    Int: 14    God:
Gold:   84         SH:  0    Dex: 11    Spells: 12/12 levels left

rFire   . . .      SeeInvis .   a - +0 mace
rCold   . . .      Faith    .   (no shield)
rNeg    . . .      Spirit   .   b - +0 leather armour
rPois   .          Reflect  .   (no helmet)
rElec   .          Harm     .   (no cloak)
rCorr   .          Rampage  .   (no gloves)
Will    .....                   (no boots)
Stlth   +.........              (no amulet)
HPRegen 0.10/turn               (no ring)
MPRegen 0.11/turn               (no ring)

@: no status effects
A: fangs 1, strong nose, distributed training
a: no special abilities


You were on level 2 of the Dungeon.
You visited 1 branch of the dungeon, and saw 2 of its levels.

You collected 110 gold pieces.
You spent 26 gold pieces at shops.


Innate Abilities, Weirdness & Mutations

You have very sharp teeth.
Your uncanny sense of smell can sniff out nearby items.
Your experience applies equally to all skills.


   Skills:
 + Level 4.5 Fighting
 + Level 0.9 Short Blades
 + Level 0.9 Long Blades
 + Level 0.9 Axes
 + Level 4.5 Maces & Flails
 + Level 0.9 Polearms
 + Level 0.9 Staves
 + Level 0.9 Ranged Weapons
 + Level 2.6 Throwing
 + Level 2.6 Armour
 + Level 4.5 Dodging
 + Level 0.9 Stealth
 + Level 0.9 Shields
 + Level 0.9 Unarmed Combat
 + Level 5.0 Spellcasting
 + Level 0.6 Conjurations
 + Level 0.6 Hexes
 + Level 0.6 Summonings
 + Level 0.6 Necromancy
 + Level 5.4 Translocations
 + Level 0.6 Transmutations
 + Level 0.6 Fire Magic
 + Level 0.6 Ice Magic
 + Level 0.6 Air Magic
 + Level 0.6 Earth Magic
 + Level 0.6 Poison Magic
 + Level 1.0 Invocations
 + Level 0.9 Evocations


You had 12 spell levels left.
You didn't know any spells.
Your spell library contained the following spells:

 Spells                   Type           Power      Damage    Failure   Level
 Blink                    Tloc           36%        N/A       3%          2
 Gell's Gravitas          Tloc           18%        N/A       8%          3
 Lesser Beckoning         Tloc           18%        N/A       8%          3
 Teleport Other           Tloc           18%        N/A       8%          3
 Sting                    Tmut/Pois      20%        1d4       19%         1
 Poisonous Vapours        Pois/Air       10%        N/A       26%         2
 Manifold Assault         Tloc           18%        N/A       56%         5
 Olgreb's Toxic Radiance  Pois           5%         N/A       87%         4

Inventory:

Hand Weapons
 a - a +0 mace (weapon)
Missiles
 d - 7 boomerangs of dispersal (quivered) {=f}
Armour
 b - a +0 leather armour (worn)
 h - a +0 pair of boots
Scrolls
 c - a scroll of blinking
 e - 4 scrolls of identify {@r1}
 g - a scroll of noise {unknown}
 i - a scroll of amnesia {unknown}
 j - a scroll of immolation {unknown}
 m - a scroll of vulnerability {unknown}
Potions
 f - 3 potions of curing {@q1}
 k - a potion of attraction {unknown}
 l - a potion of mutation {unknown}

Dungeon Overview and Level Annotations

Branches:
Dungeon (2/15)

Altars:

Shops:
D:1 [!:?[

#.########.##..........#
.......................# .
######>.#.###..........# .
#..#.###.....░....# ####
#......#...░░.░░..# #...
#..#.#.....░.⌠.░.## #.##
#..#g##....░░.░░.########.#
#..#.##..g#..░..#.........#
#..#g####g.@..............#
#########.#
####..............#
#....g....#
#..............#
#.#########
#...)..........# #.#
##.###.........# #.# ...#
#.#######.# #g#
########....#### #.# #.#
#.# #......#.g..# #.. .#
#.# #......#....### ##. ##


You could see 2 gnolls.


Message History

The gnoll barely misses you.
The gnoll hits you from afar with a +0 spear.
You hit the gnoll. Your bite misses the gnoll.
The gnoll is severely wounded.
The gnoll hits you from afar with a +0 spear.
The gnoll barely misses you. The gnoll completely misses you.
The gnoll hits you with a +0 spear!
* * * LOW HITPOINT WARNING * * *
You closely miss the gnoll.
The gnoll is severely wounded.
The gnoll closely misses you.
The gnoll hits you from afar with a +0 spear.
* * * LOW HITPOINT WARNING * * *
You hit the gnoll.
You kill the gnoll!
The gnoll hits you from afar with a +0 spear.
* * * LOW HITPOINT WARNING * * *
Your Invocations skill increases to level 1!
The gnoll throws a throwing net.
The throwing net hits you.
You become entangled in the net!
You see here a throwing net {=f}.
You tear a large gash into the net.
The gnoll hits you from afar with a +0 spear.
* * * LOW HITPOINT WARNING * * *
You struggle against the net.
The gnoll hits you from afar with a +0 spear.
* * * LOW HITPOINT WARNING * * *
You rip the net and break free!
The gnoll hits you from afar with a +0 spear.
You die...

Skill      XL: |  1  2  3 |
---------------+----------+-----
Spellcasting   | 5 |  5.0
Invocations    | 1 |  1.0
Fighting       | |  4.5
Short Blades   | |  0.9
Long Blades    | |  0.9
Axes           | |  0.9
Maces & Flails | |  4.5
Polearms       | |  0.9
Staves         | |  0.9
Ranged Weapons | |  0.9
Throwing       | |  2.6
Armour         | |  2.6
Dodging        | |  4.5
Stealth        | |  0.9
Shields        | |  0.9
Unarmed Combat | |  0.9
Conjurations   | |  0.6
Hexes          | |  0.6
Summonings     | |  0.6
Necromancy     | |  0.6
Translocations | |  5.4
Transmutations | |  0.6
Fire Magic     | |  0.6
Ice Magic      | |  0.6
Air Magic      | |  0.6
Earth Magic    | |  0.6
Poison Magic   | |  0.6
Evocations     | |  0.9

Action                   || total
-------------------------++-------
Melee: Mace              ||    72
       Bite              ||    10
  Use: Scroll            ||     1
Armor: Leather armour    ||     8
Dodge: Dodged            ||    38

Levels and vault maps discovered:
D:1:      nicolae_arrival_kraken_aquarium_b, layout_loops_corners, serial_shops,
          shop, shop, shop, nicolae_shop_advertising_works
          [nicolae_subvault_shop_adworks], nicolae_shop_hallway_plus,
          chequers_ecumenical_altar_grove, amcnicky_mini_corridor_feature,
          st_stairs_8
D:2:      layout_basic, basic_altar, grunt_decor_one_mirror, minmay_domino_2

Notes
Turn   | Place    | Note
-------+----------+-------------------------------------------
     0 | D:1      | xzight the Gnoll Warper began the quest for the Orb.
     0 | D:1      | Reached XP level 1. HP: 20/20 MP: 6/6
     2 | D:1      | Noticed a demonspawn
     2 | D:1      | Noticed a tengu
     2 | D:1      | Noticed a vine stalker
     2 | D:1      | Noticed a demonspawn
     2 | D:1      | Noticed a vine stalker
     2 | D:1      | Noticed a naga
     2 | D:1      | Noticed a kraken
     2 | D:1      | Noticed a vampire
     2 | D:1      | Noticed a demonspawn
     2 | D:1      | Noticed a demonspawn
     2 | D:1      | Noticed a draconian
     2 | D:1      | Noticed a spriggan
     2 | D:1      | Noticed a gargoyle
     2 | D:1      | Noticed an octopode
     3 | D:1      | Killed a tengu
     4 | D:1      | Killed a naga
     5 | D:1      | Killed a vampire
     6 | D:1      | Killed an octopode
     8 | D:1      | Killed a demonspawn
    10 | D:1      | Killed a vine stalker
    10 | D:1      | Killed a gargoyle
    11 | D:1      | Killed a vine stalker
    13 | D:1      | Killed a demonspawn
    13 | D:1      | Killed a draconian
    14 | D:1      | Killed a spriggan
    14 | D:1      | Killed a demonspawn
    15 | D:1      | Killed a demonspawn
   334 | D:1      | Found Duekatz's Magic Scroll Shoppe.
   341 | D:1      | Bought a scroll of identify for 26 gold pieces
   342 | D:1      | Found Ceselugh's Armour Shop.
   353 | D:1      | Reached XP level 2. HP: 26/26 MP: 7/7
   575 | D:1      | Found Vehezem's Book Boutique.
   634 | D:1      | Found Ickar's Distillery.
   720 | D:1      | Found a faded altar of an unknown god.
   924 | D:1      | Found Nuddon's Antique Armour Shop.
  1470 | D:2      | Reached skill level 5 in Spellcasting
  1470 | D:2      | Reached XP level 3. HP: 14/31 MP: 7/9
  2293 | D:2      | Reached skill level 1 in Invocations
  2329 | D:2      | HP: 2/31 [gnoll/+0 spear (4)]
  2330 | D:2      | Slain by a gnoll

Vanquished Creatures
  A gnoll (D:2)
  An adder (D:2)
  A worm (D:2)
  4 ball pythons
  2 endoplasms
  2 goblins (D:1)
  A hobgoblin (D:1)
  2 kobolds
  2 quokkas
  2 bats
  A frilled lizard (D:2)
  2 rats
21 creatures vanquished.

Vanquished Creatures (others)
  4 demonspawn (D:1)
  A draconian (D:1)
  An octopode (D:1)
  A gargoyle (D:1)
  2 vine stalkers (D:1)
  A spriggan (D:1)
  A vampire (D:1)
  A naga (D:1)
  A tengu (D:1)
  A gnoll (D:1)
  An orc (D:1)
  6 tentacles (D:1)
21 creatures vanquished.

Grand Total: 42 creatures vanquished

Table legend: (Time is in decaauts)
 A = Elapsed time spent in this place.
 B = Non-inter-level travel time spent in this place.
 C = Inter-level travel time spent in this place.
 D = Time resting spent in this place.
 E = Time spent auto-exploring this place.
 F = Levels seen in this place.
 G = Mean time per level.
                   A        B        C        D        E       F      G
               +--------+--------+--------+--------+--------+-----+--------+
         Total |   2342 |   2299 |     43 |    550 |   1431 |   2 | 1171.0 |
       Dungeon |   2342 |   2299 |     43 |    550 |   1431 |   2 | 1171.0 |
               +--------+--------+--------+--------+--------+-----+--------+

Top non-repeatable levels by time:
     D:1: 1249 daAuts
     D:2: 1093 daAuts

Table legend:
 A = Non-vault XP
 B = Vault XP
 C = Vault XP percentage of total XP
 D = Non-vault monster count
 E = Vault monster count
 F = Vault count percentage of total count
                 A         B        C        D         E       F
            +---------+---------+-------+---------+---------+-------
      Total |      41 |      19 |  31.7 |      17 |       4 |  19.0
            +---------+---------+-------+---------+---------+-------
        D:1 |      14 |       4 |  22.2 |       9 |       2 |  18.2
        D:2 |      27 |      15 |  35.7 |       8 |       2 |  20.0
            +---------+---------+-------+---------+---------+-------
